 Dungeon Crawl Stone Soup version 0.28-a0-821-g923ab73998 (webtiles) character file.

Game seed: 17869383104979025084

51781 Essalna the Destroyer (level 14, -9/111 HPs)
             Began as a Demonspawn Fire Elementalist on Nov 9, 2021.
             Was a High Priest of Vehumet.
             Killed from afar by a molten gargoyle (15 damage)
             ... with a bolt of magma
             ... in a Gauntlet.
             The game lasted 00:51:56 (20504 turns).

Essalna the Destroyer (DsFE)                       Turns: 20504, Time: 00:51:57

Health: -9/111     AC:  9    Str: 10    XL:     14   Next: 24%
Magic:  28/28      EV: 20    Int: 21    God:    Vehumet [*****.]
Gold:   1446       SH:  0    Dex: 13    Spells: 22/34 levels left

rFire   + + .      SeeInvis .   b - +2 hand axe (elec)
rCold   . . .      Faith    .   k - +0 buckler
rNeg    . . .      Spirit   .   N - +0 troll leather armour
rPois   .          Reflect  .   (helmet restricted)
rElec   .          Harm     .   G - scarf {rC+ rF+}
rCorr   .          Rampage  .   (no gloves)
Will    ++...      NoTele   +   L - +1 pair of boots
Stlth   +.........              m - amulet of magic regeneration
HPRegen 1.28/turn               y - ring of fire
MPRegen 0.46/turn               V - ring of willpower

@: confused, agile, ambrosia-drunk
A: antennae 1, yellow scales 1, foul stench 3, powered by pain 2
a: Renounce Religion


You were in a Gauntlet.
You worshipped Vehumet.
Vehumet was extremely pleased with you.
You visited 4 branches of the dungeon, and saw 19 of its levels.
You also visited: Gauntlet and Volcano.

You collected 1446 gold pieces.

Inventory:

Hand Weapons
 b - a +2 hand axe of electrocution (weapon)
 j - a +0 short sword
 Y - the +4 flail of Xopranyl {flame, rF+}
   (You found it in a Gauntlet)

   It burns those it strikes, dealing additional fire damage.
   rF:        It protects you from fire.
Missiles
 M - 3 throwing nets
Armour
 a - a +0 robe
 f - a +1 helmet
 k - a +0 buckler (worn)
 w - a +0 cloak
 G - a scarf of resistance (worn)
 L - a +1 pair of boots (worn)
 N - a +0 troll leather armour (worn)
Jewellery
 m - an amulet of magic regeneration (around neck)
 y - a ring of fire (left hand)
 z - an amulet of the acrobat
 J - a ring of fire
 Q - a ring of ice
 R - an amulet of regeneration
 V - a ring of willpower (right hand)
 X - a ring of resist corrosion
Wands
 c - a wand of iceblast (23)
 e - a wand of acid (20)
 A - a wand of flame (98)
 B - a wand of digging (8)
 E - a wand of polymorph (5)
 K - a wand of paralysis (14)
 O - a wand of mindburst (9)
Scrolls
 g - a scroll of holy word
 h - 20 scrolls of identify {unknown}
 i - 2 scrolls of blinking
 l - 3 scrolls of magic mapping
 n - 4 scrolls of teleportation {unknown}
 o - 2 scrolls of acquirement {unknown}
 r - a scroll of enchant weapon {unknown}
 s - 2 scrolls of immolation {unknown}
 u - a scroll of noise {unknown}
 v - 2 scrolls of torment {unknown}
 x - 4 scrolls of fog {unknown}
 C - 4 scrolls of amnesia
 I - a scroll of brand weapon {unknown}
 U - a scroll of fear {unknown}
Potions
 d - 3 potions of mutation {unknown}
 p - 3 potions of berserk rage {unknown}
 q - 2 potions of attraction {unknown}
 t - 5 potions of lignification
 D - 2 potions of magic {unknown}
 F - 3 potions of flight {unknown}
 H - 9 potions of ambrosia
 P - 2 potions of cancellation
 S - 2 potions of degeneration {unknown}
 T - a potion of brilliance {unknown}
 W - a potion of might {unknown}


   Skills:
 + Level 10.6 Fighting
 - Level 5.0 Armour
 + Level 10.0 Dodging
 - Level 1.7 Stealth
 + Level 1.2 Shields
 + Level 10.8 Spellcasting
 + Level 11.5 Conjurations
 + Level 10.9 Fire Magic


You had 22 spell levels left.
You knew the following spells:

 Your Spells              Type           Power      Damage    Failure   Level
a - Foxfire               Conj/Fire      100%       2x1d9     1%          1
b - Scorch                Fire           100%       2d10      1%          2
c - Flame Wave            Conj/Fire      73%        3d13      1%          4
d - Fireball              Conj/Fire      36%        3d15      1%          5

Your spell library contained the following spells:

 Spells                   Type           Power      Damage    Failure   Level
 Ozocubu's Refrigeration  Ice            5%         4d6       100%        7
 Shock                    Conj/Air       100%       1d9       1%          1
 Conjure Flame            Conj/Fire      73%        6-21      1%          3
 Inner Flame              Hex/Fire       51%        N/A       1%          3
 Fulminant Prism          Conj/Hex       17%        3d11      3%          4
 Hailstorm                Conj/Ice       35%        3d9       3%          4
 Iskenderun's Mystic Bla  Conj/Tloc      35%        2d8       3%          4
 Starburst                Conj/Fire      36%        6d11      4%          6
 Animate Skeleton         Necr           22%        N/A       11%         1
 Apportation              Tloc           22%        N/A       11%         1
 Pain                     Necr           44%        1d6       11%         1
 Airstrike                Air            5%         N/A       28%         4
 Call Canine Familiar     Summ           11%        N/A       32%         3
 Portal Projectile        Hex/Tloc       22%        N/A       32%         3
 Swiftness                Air            11%        N/A       32%         3
 Vampiric Draining        Necr           11%        2d6       32%         3
 Lee's Rapid Deconstruct  Erth           5%         3d7*      58%         5
 Ice Form                 Ice/Tmut       11%        N/A       73%         4
 Leda's Liquefaction      Hex/Erth       5%         N/A       73%         4
 Summon Ice Beast         Ice/Summ       11%        N/A       73%         4
 Ignition                 Fire           36%        3d11      86%         8
 Agony                    Necr           11%        N/A       97%         5
 Alistair's Intoxication  Tmut/Pois      7%         N/A       97%         5
 Excruciating Wounds      Necr           5%         N/A       97%         5
 Summon Mana Viper        Hex/Summ       11%        N/A       97%         5
 Invisibility             Hex            5%         N/A       100%        6
 Simulacrum               Ice/Necr       5%         N/A       100%        6
 Monstrous Menagerie      Summ           5%         N/A       100%        7


Dungeon Overview and Level Annotations

Branches:
Dungeon (11/15)            Temple (1/1) D:7            Lair (6/6) D:10
 Shoals (0/4) Lair:2       Spider (0/4) Lair:3        Slime (0/5) Lair:5
    Orc (1/2) D:9         Volcano (visited)         Gauntlet (1/1)

Altars:
Ashenzari
Cheibriados
Dithmenos
Elyvilon
Fedhas
Gozag
Nemelex Xobeh
Okawaru
Ru
Sif Muna
Trog
Uskayaw
Vehumet
Wu Jian
Yredelemnul

Shops:
D:4 !   D:7 [

Annotations:
Orc:1 Jorgrun Gauntlet 7 transporters


Innate Abilities, Weirdness & Mutations

You have a pair of small antennae on your head.
You are partially covered in yellow scales. (AC +2)
You frequently emit foul miasma when damaged in melee.
You sometimes gain power by taking damage.


Message History

The molten gargoyle is almost destroyed.
The flame wave engulfs the gargoyle!
You destroy the gargoyle!
Vehumet accepts your kill.
You feel your power returning.
The molten gargoyle blasts magma at you!
The bolt of magma hits you! You partially resist.
* * * LOW HITPOINT WARNING * * *
You hit the molten gargoyle but do no damage.
The molten gargoyle is almost destroyed.
The molten gargoyle blasts magma at you!
The bolt of magma misses you.
You hit the molten gargoyle.
The molten gargoyle is almost destroyed.
The molten gargoyle misses you. x2
You hit the molten gargoyle.
The molten gargoyle is almost destroyed.
The molten gargoyle closely misses you.
You completely miss the molten gargoyle.
The molten gargoyle is almost destroyed.
The molten gargoyle misses you.
The molten gargoyle blasts magma at you!
The bolt of magma misses you.
You hit the molten gargoyle but do no damage.
The molten gargoyle is almost destroyed.
The molten gargoyle hits you with a +0 mace!
* * * LOW HITPOINT WARNING * * *
You focus on the pain.
You feel your power returning.
You are engulfed in flames.
You resist.
* * * LOW HITPOINT WARNING * * *
You hit the molten gargoyle but do no damage.
The molten gargoyle is almost destroyed.
The molten gargoyle blasts magma at you!
The bolt of magma hits you! You partially resist.
* * * LOW HITPOINT WARNING * * *
You are confused.
You feel invigorated.
The molten gargoyle blasts magma at you!
The bolt of magma hits you! You partially resist.
You die...

##≈#≈#≈#≈#≈#≈#≈#≈#≈#§#§#≈
##........................
#§........................
##..###########..#########
#≈..#^......?(#..#........
##..#.^######[#..#........
#≈..#.##....###..#........
##..#.#†####.#####[....... #
#≈..#.##9@)##.#©©#§...©).. #.
##..##.####.#.####........ #..
#≈..###....##.#..#........
#..###..#©######^.#..#........
#....#..##.......^#..#........
.#...©#..###########..#########
......#........................
##....#.∩......................
#...©#..#########..#########..


You could see a molten gargoyle.

Vanquished Creatures
  The ghost of Zesag the Protected, a journeyman DsVM of Ashenzari (Lair:4)
  6 hydras
  3 catoblepae
  A tengu warrior (Gauntlet)
  3 death yaks (Lair:6)
  The ghost of Decritt the Fighter, a novice MiMo of Elyvilon (Lair:1)
  A fire crab (Lair:6)
  2 large abominations (Gauntlet)
  A lindwurm (Lair:4)
  3 oklob plants
  A faun (Lair:2)
  2 moths of wrath (Lair:1)
  2 black mambas
  Maurice (D:8)
  2 gargoyles (Gauntlet)
  10 cane toads
  Psyche (D:7)
  9 komodo dragons
  An unseen horror (D:5)
  2 rime drakes
  2 tengu conjurers (Gauntlet)
  2 queen bees
  A meliai (Lair:4)
  4 trolls
  11 polar bears
  2 hornets
  5 dream sheep (Lair:4)
  10 blink frogs
  5 raiju (Lair:6)
  A snapping turtle (Lair:2)
  Sigmund (D:2)
  5 spriggans (Lair:1)
  3 redbacks (Lair:3)
  41 yaks
  4 wyverns
  A steam dragon (D:6)
  3 basilisks
  2 vampire mosquitoes (D:11)
  An acid dragon (D:10)
  8 water moccasins
  7 wargs
  4 small abominations (Gauntlet)
  11 hell hounds (Lair:6)
  6 orc warriors
  A sky beast (D:6)
  13 black bears
  2 ice beasts
  2 centaurs
  2 ogres
  51 wolves
  2 phantoms
  7 bullfrogs
  2 kobold brigands
  4 scorpions
  A water moccasin zombie (D:6)
  2 gnoll sergeants
  34 killer bees
  An electric eel (Lair:1)
  A howler monkey (D:5)
  8 wights (D:8)
  2 centaur zombies
  4 hounds
  18 jellies
  6 orc priests
  Crazy Yiuf (D:5)
  2 gnoll shamans
  A bullfrog skeleton (D:5)
  An iguana (D:4)
  A centaur skeleton (D:4)
  12 orc wizards
  A hound zombie (D:5)
  A howler monkey zombie (D:9)
  21 gnolls
  11 adders
  A white imp (D:6)
  3 dart slugs
  48 orcs
  21 endoplasms
  10 giant cockroaches
  9 goblins
  7 hobgoblins
  5 jackals (D:2)
  10 kobolds
  A quokka (D:2)
  13 ball pythons
  5 bats
  5 frilled lizards
  A jackal skeleton (D:4)
  4 rats
551 creatures vanquished.

Vanquished Creatures (collateral kills)
  A hell hound (Lair:6)
  16 foxfires
17 creatures vanquished.

Vanquished Creatures (others)
  A bush (Lair:5)
  A demonic plant (Gauntlet)
  1406 foxfires
  49 fungi
  54 plants
1511 creatures vanquished.

Grand Total: 2079 creatures vanquished

Notes
Turn   | Place    | Note
-------+----------+-------------------------------------------
     0 | D:1      | Essalna the Demonspawn Fire Elementalist began the quest
                  | for the Orb.
     0 | D:1      | Reached XP level 1. HP: 13/13 MP: 3/3
   383 | D:1      | Gained mutation: You may rarely emit foul miasma when
                  | damaged in melee. [demonic ancestry]
   383 | D:1      | Reached XP level 2. HP: 19/19 MP: 1/5
   839 | D:1      | Reached XP level 3. HP: 17/24 MP: 0/6
  1381 | D:1      | Reached skill level 2 in Conjurations
  1710 | D:2      | Noticed Sigmund
  1744 | D:2      | Reached XP level 4. HP: 24/30 MP: 0/8
  2313 | D:2      | Found a faded altar of an unknown god.
  3132 | D:4      | Gained mutation: You are partially covered in yellow
                  | scales. (AC +2) [demonic ancestry]
  3132 | D:4      | Reached XP level 5. HP: 35/35 MP: 4/9
  3149 | D:5      | Entered Level 5 of the Dungeon
  3149 | D:5      | Noticed a phantom
  3318 | D:4      | Reached skill level 3 in Conjurations
  3574 | D:4      | Noticed a water moccasin
  3582 | D:4      | Killed a water moccasin
  3583 | D:4      | Gained mutation: You have a pair of small antennae on your
                  | head. [demonic ancestry]
  3583 | D:4      | Reached XP level 6. HP: 18/41 MP: 9/11
  3941 | D:4      | Found a sparkling altar of Nemelex Xobeh.
  4130 | D:4      | Found Cutziam's Distillery.
  4490 | D:3      | Learned a level 2 spell: Scorch
  4495 | D:3      | Learned a level 4 spell: Flame Wave
  4896 | D:2      | Killed Sigmund
  4897 | D:2      | Reached skill level 4 in Conjurations
  4897 | D:2      | Gained mutation: You sometimes gain a little power by
                  | taking damage. [demonic ancestry]
  4897 | D:2      | Reached XP level 7. HP: 38/46 MP: 6/13
  5309 | D:5      | Killed an unseen horror
  5310 | D:5      | Reached skill level 1 in Fighting
  5310 | D:5      | Reached skill level 1 in Armour
  5310 | D:5      | Reached skill level 5 in Fire Magic
  5621 | D:5      | Gained mutation: You sometimes gain power by taking damage.
                  | [demonic ancestry]
  5621 | D:5      | Reached XP level 8. HP: 56/56 MP: 10/15
  5681 | D:5      | Reached skill level 5 in Conjurations
  5726 | D:5      | Reached skill level 5 in Spellcasting
  6055 | D:5      | Found a runed translucent door.
  6145 | D:5      | Noticed Crazy Yiuf
  6152 | D:5      | Killed Crazy Yiuf
  6667 | D:6      | Reached XP level 9. HP: 41/64 MP: 4/17
  7677 | D:7      | Found a broken altar of Ashenzari.
  7817 | D:7      | Found a staircase to the Ecumenical Temple.
  7906 | Temple   | Entered the Ecumenical Temple
  7920 | Temple   | Became a worshipper of Vehumet
  8277 | D:7      | Reached skill level 6 in Conjurations
  8322 | D:7      | Found Kiytaet's Armour Emporium.
  8363 | D:7      | Found a shimmering blue altar of Sif Muna.
  8438 | D:7      | Noticed an oklob plant
  8558 | D:7      | Killed an oklob plant
  8558 | D:7      | Reached * piety under Vehumet
  8558 | D:7      | Offered knowledge of Sandblast by Vehumet.
  8781 | D:8      | Noticed Psyche
  8803 | D:7      | Killed Psyche
  8809 | D:7      | Reached XP level 10. HP: 39/73 MP: 19/19
  9279 | D:8      | Reached skill level 5 in Dodging
  9425 | D:8      | Reached ** piety under Vehumet
  9522 | D:8      | Offered knowledge of Magic Dart by Vehumet.
  9538 | D:8      | Reached skill level 5 in Fighting
 10194 | D:8      | Noticed Maurice
 10203 | D:8      | Killed Maurice
 10204 | D:8      | Reached skill level 7 in Conjurations
 10682 | D:9      | Reached skill level 5 in Armour
 11136 | D:9      | Found a staircase to the Orcish Mines.
 11327 | D:9      | Identified the +6 chain mail of Neh Cyni {Harm Will- rCorr
                  | SInv}
 11543 | D:9      | Offered knowledge of Dazzling Flash by Vehumet.
 11983 | Orc:1    | Entered Level 1 of the Orcish Mines
 11983 | Orc:1    | Noticed Jorgrun
 12237 | D:10     | Entered Level 10 of the Dungeon
 12276 | D:10     | Reached XP level 11. HP: 36/81 MP: 14/22
 12582 | D:10     | Reached *** piety under Vehumet
 12755 | D:10     | Found a basalt altar of Yredelemnul.
 12758 | D:10     | Found a blossoming altar of Fedhas.
 12827 | D:10     | Reached skill level 8 in Conjurations
 12913 | D:10     | Offered knowledge of Sticky Flame by Vehumet.
 12952 | D:10     | Found a shadowy altar of Dithmenos.
 13097 | D:10     | Found a staircase to the Lair.
 13225 | Lair:1   | Entered Level 1 of the Lair of Beasts
 13544 | Lair:1   | Reached **** piety under Vehumet
 13545 | Lair:1   | Offered knowledge of Iskenderun's Battlesphere by Vehumet.
 13731 | Lair:1   | Found a transporter.
 13788 | Lair:1   | Noticed Decritt's ghost (novice MiMo)
 13790 | Lair:1   | Found a bloodstained altar of Trog.
 13812 | Lair:1   | Found a transporter.
 14001 | Lair:1   | Noticed a spriggan rider
 14172 | Lair:2   | You fall into a shaft and drop 1 floor!
 14239 | Lair:2   | Reached skill level 9 in Conjurations
 14240 | Lair:2   | Reached XP level 12. HP: 62/92 MP: 22/24
 14243 | Lair:2   | Reached ***** piety under Vehumet
 14245 | Lair:2   | Offered knowledge of Spellforged Servitor by Vehumet.
 14418 | Lair:2   | Found a staircase to the Shoals.
 14568 | Lair:2   | Found a blossoming altar of Fedhas.
 14771 | Lair:2   | Learned a level 5 spell: Fireball
 15117 | Lair:3   | Found a hole to the Spider Nest.
 15847 | Lair:4   | Noticed a six-headed hydra
 15854 | Lair:4   | Killed a six-headed hydra
 15874 | Lair:4   | Found a dark tunnel.
 15888 | Volcano  | Entered a volcano
 16158 | Lair:4   | Found a transporter.
 16165 | Lair:4   | Found a transporter.
 16165 | Lair:4   | Noticed Zesag's ghost (journeyman DsVM)
 16168 | Lair:4   | Noticed a catoblepas
 16188 | Lair:4   | Killed Zesag's ghost
 16189 | Lair:4   | Reached skill level 10 in Conjurations
 16304 | Lair:4   | Killed a catoblepas
 16486 | Lair:4   | Gained mutation: You sometimes emit foul miasma when
                  | damaged in melee. [demonic ancestry]
 16486 | Lair:4   | Reached XP level 13. HP: 101/101 MP: 11/26
 16985 | Lair:5   | Offered knowledge of Conjure Ball Lightning by Vehumet.
 17059 | Lair:5   | Found a staircase to the Slime Pits.
 17627 | Lair:6   | Entered Level 6 of the Lair of Beasts
 17729 | Lair:6   | Reached skill level 10 in Fire Magic
 17846 | Lair:6   | Reached skill level 10 in Spellcasting
 18514 | Lair:6   | Reached skill level 10 in Fighting
 18542 | Lair:6   | Reached skill level 11 in Conjurations
 19272 | Lair:6   | Gained mutation: You frequently emit foul miasma when
                  | damaged in melee. [demonic ancestry]
 19272 | Lair:6   | Reached XP level 14. HP: 85/111 MP: 23/28
 19272 | Lair:6   | Offered knowledge of Ozocubu's Refrigeration by Vehumet.
 19289 | Lair:6   | HP: 5/111 [hell hound (10)]
 19739 | Lair:1   | Killed Decritt's ghost
 20194 | D:11     | Found a gate leading to a gauntlet.
 20201 | Gauntlet | Entered a Gauntlet
 20201 | Gauntlet | Found a transporter.
 20201 | Gauntlet | Found a transporter.
 20201 | Gauntlet | Found a transporter.
 20226 | Gauntlet | Found a transporter.
 20236 | Gauntlet | Found a transporter.
 20239 | Gauntlet | Found a transporter.
 20262 | Gauntlet | Found a transporter.
 20271 | Gauntlet | Found a transporter.
 20288 | Gauntlet | Found a transporter.
 20291 | Gauntlet | Found a transporter.
 20299 | Gauntlet | Found a transporter.
 20302 | Gauntlet | Found a transporter.
 20448 | Gauntlet | Reached skill level 10 in Dodging
 20450 | Gauntlet | Reached skill level 1 in Shields
 20464 | Gauntlet | Identified the +4 flail of Xopranyl {flame, rF+}
 20503 | Gauntlet | HP: 1/111 [molten gargoyle/bolt of magma (14)]
 20504 | Gauntlet | Killed from afar by a molten gargoyle

Illustrated notes

Levels and vault maps discovered:
D:1:      sevenhm_arrival_forest_fort_small_3, layout_basic, minmay_quantized
D:2:      layout_loops_ring, shapermc_ecumenical_altar_mp_urbaneastern,
          minmay_pentomino_w4, uniq_sigmund
D:3:      layout_basic
D:4:      layout_basic, nemelex_xobeh_ov_fountains_minmay, serial_shops,
          kennysheep_little_box, serial_glass, glass_columns_a, glass_columns_b,
          glass_columns_a, glass_columns_a, glass_columns_b,
          guppyfry_early_lair_pool
D:5:      layout_cave_pools, uniq_crazy_yiuf_cottage
D:6:      layout_basic
D:7:      lemuel_slime, layout_gridville, lemuel_coloured_pillars_altar,
          mainiacjoe_overflow_tiny_flanked, minmay_temple_entry_stoned_glass,
          serial_shops, nicolae_shop_crystal
D:8:      layout_cave_pods, serial_rivers, chequers_serial_rivers_large_a,
          chequers_serial_rivers_room_b, chequers_serial_rivers_micro_e,
          chequers_serial_rivers_room_b, minmay_orc_keep, uniq_psyche,
          uniq_maurice
D:9:      layout_loops_corners, minmay_orc_entry_guard_dogs
D:10:     layout_cave_pools, chequers_temple_overflow_statue_of_worship,
          grunt_lair_entry_orc_guard_hut
D:11:     layout_loops_corners, gauntlet_entry_generic, uniq_sonja
Temple:   eino_temple_rhombus
Lair:1:   layout_roguey [special_room_bee], gammafunk_ghost_wrathful_warriors,
          serial_bayou_ford_a, lemuel_fruit_tree
Lair:2:   layout_chaotic_city, minmay_shoals_entry_hut, hangedman_tree_tricks,
          grunt_forest_large_clearings
Lair:3:   layout_gridlike, spider_nest_entry_webs, serial_bayou_shore_b,
          infiniplex_staircase_pool_2
Lair:4:   layout_hall_layers, enter_volcano_2, gammafunk_ghost_hive
Lair:5:   layout_cave_pods, minmay_slime_entry_jelly_boxes
Lair:6:   hangedman_lair_caniforms_friends, layout_cave_pods,
          serial_bayou_shore_b
Orc:1:    layout_diamond_mine, ebering_ghost_reflecting_pool, uniq_urug,
          uniq_jorgrun
Gauntlet: minmay_gauntlet_mixed_big_or_small [nicolae_gauntlet_arena_quarters,
          minmay_gauntlet_arena_77_checkered, gammafunk_gauntlet_arena_open,
          minmay_gauntlet_arena_77_two_paths, gammafunk_gauntlet_arena_spirals,
          minmay_gauntlet_arena_77_broken_ladder,
          dreamdust_gauntlet_exit_labyrinth]

Skill      XL: |  1  2  3  4  5  6  7  8  9 10 11 12 13 14 |
---------------+-------------------------------------------+-----
Fire Magic     | 3 4 5 6 7 8 9 10 | 10.9
Conjurations   | 2 3 4 5 6 7 9 10 11 | 11.5
Spellcasting   | 3 4 5 6 7 8 9 10 | 10.8
Dodging        | 2 3 4 6 7 8 9 10 | 10.0
Fighting       | 1 3 4 6 7 9 10 | 10.6
Armour         | 1 3 4 5 |  5.0
Shields        | 1 |  1.2
Stealth        | |  1.7

Action                   |  1- 3 |  4- 6 |  7- 9 | 10-12 | 13-15 || total
-------------------------+-------+-------+-------+-------+-------++-------
Melee: Unarmed           |    30 |       |     1 |       |       ||    31
       Short sword       |       |    23 |    24 |       |       ||    47
       Hand axe          |       |       |       |    22 |    65 ||    87
 Cast: Foxfire           |    80 |   134 |   266 |   326 |    31 ||   837
       Scorch            |       |     6 |     9 |    76 |    30 ||   121
       Flame Wave        |       |       |     9 |    48 |    33 ||    90
       Fireball          |       |       |       |    13 |    82 ||    95
Evoke: Wand              |       |       |       |       |    17 ||    17
  Use: Potion            |       |       |     9 |     5 |     4 ||    18
       Scroll            |       |       |     3 |     3 |     2 ||     8
 Stab: Sleeping          |     1 |       |       |     1 |       ||     2
Armor: Robe              |    12 |     6 |    17 |    14 |       ||    49
       Skin              |       |       |     4 |       |       ||     4
       Troll leather arm |       |       |       |    24 |    76 ||   100
Dodge: Dodged            |    38 |    36 |    59 |   125 |   200 ||   458
Block: Buckler           |       |       |       |       |     4 ||     4

Table legend: (Time is in decaauts)
 A = Elapsed time spent in this place.
 B = Non-inter-level travel time spent in this place.
 C = Inter-level travel time spent in this place.
 D = Time resting spent in this place.
 E = Time spent auto-exploring this place.
 F = Levels seen in this place.
 G = Mean time per level.
                   A        B        C        D        E       F      G
               +--------+--------+--------+--------+--------+-----+--------+
         Total |  20596 |  19351 |   1245 |    824 |  15215 |  21 |  980.8 |
       Dungeon |  13539 |  12787 |    752 |    818 |  10064 |  11 | 1230.8 |
        Temple |     24 |     11 |     13 |      0 |      5 |   1 |   24.0 |
          Lair |   6652 |   6172 |    480 |      6 |   5083 |   6 | 1108.7 |
  Orcish Mines |     11 |     11 |      0 |      0 |      0 |   1 |   11.0 |
       Volcano |     60 |     60 |      0 |      0 |     27 |   1 |   60.0 |
      Gauntlet |    307 |    307 |      0 |      0 |     36 |   1 |  307.0 |
               +--------+--------+--------+--------+--------+-----+--------+

Top non-repeatable levels by time:
     D:9: 1948 daAuts
  Lair:6: 1912 daAuts
     D:8: 1785 daAuts
     D:1: 1575 daAuts
     D:2: 1463 daAuts
     D:7: 1413 daAuts
     D:4: 1413 daAuts
     D:6: 1215 daAuts
     D:5: 1067 daAuts
  Lair:1: 1064 daAuts
  Lair:5: 968 daAuts
  Lair:2: 931 daAuts
  Lair:3: 887 daAuts
  Lair:4: 887 daAuts
     D:3: 832 daAuts
